 Dungeon Crawl Stone Soup version 0.14-a0-2632-gd2f732a (webtiles) character file.

1895 4tharraofdagon the Quickloader (level 9, -8/51 HPs)
             Began as a Kobold Hunter on Feb 15, 2014.
             Was a Priest of Cheibriados.
             Mangled by an orc warrior
             ... wielding a -1,+0 orcish dire flail
              (22 damage)
             ... on Level 6 of the Dungeon.
             The game lasted 00:18:44 (2172 turns).

4tharraofdagon the Quickloader (Kobold Hunter)      Turns: 2172, Time: 00:18:44

HP  -8/51        AC 11     Str 20      XL: 9   Next: 24%
MP  14/14        EV  7     Int 15      God: Cheibriados [***...]
Gold 183         SH  0     Dex 22      Spells:  0 memorised,  8 levels left

rFire  . . .     SeeInvis .     b - +1 crossbow
rCold  . . .     Clarity  .     E - +1 elf chain mail
rNeg   . . .     Conserve .     (no shield)
rPois  .         rCorr    .     H - +0 helmet
rElec  .         rRot     .     (no cloak)
SustAb . .       Spirit   .     o - +0 pair of gloves
rMut   .         Warding  .     (no boots)
Saprov + + .     Stasis   .     (no amulet)
MR     +....                    t - -2 ring of evasion
                                g - ring of wizardry

@: very slow, somewhat resistant to hostile enchantments, extremely unstealthy
A: disease resistance, hooves 1, carnivore 3, magic resistance 1, saprovore 2
a: Bend Time, Temporal Distortion, Renounce Religion


You were on level 6 of the Dungeon.
You worshipped Cheibriados.
Cheibriados was most pleased with you.
You were very full.

You visited 2 branches of the dungeon, and saw 8 of its levels.

You collected 183 gold pieces.

Inventory:

Hand weapons
 a - a +0,+0 short sword
 b - a +1,+1 crossbow (weapon)
 m - a +0,+0 long sword
 v - a +0,+0 dwarven battleaxe
 w - a -1,+1 dwarven dagger
 C - a +0 blowgun
Missiles
 c - 3 bolts (quivered)
 u - 25 darts
 B - 7 poisoned needles
Armour
 d - a +0 leather armour
 h - a +1 scale mail of magic resistance
 o - a +0 pair of gloves (worn)
 y - a +0 chain mail
 E - a +1 elven chain mail (worn)
 H - a +0 helmet (worn)
Magical devices
 q - a wand of draining (1)
 x - a wand of enslavement (13)
 F - a wand of heal wounds (3)
Comestibles
 f - 3 meat rations
Scrolls
 j - 2 scrolls of remove curse
 n - a scroll of immolation
 s - a scroll of magic mapping {unknown}
 A - 2 scrolls of fear {unknown}
 J - 2 scrolls of noise {unknown}
Jewellery
 g - a ring of wizardry (left hand)
 t - a -2 ring of evasion (right hand)
Potions
 i - a potion of degeneration
 k - 2 potions of speed
 r - a potion of curing
 z - 2 potions of flight
 I - a potion of brilliance


   Skills:
 + Level 3.6 Fighting
 * Level 11.4 Crossbows
 + Level 2.1 Armour
 + Level 4.2 Dodging
 - Level 1.3 Stealth
 + Level 2.9 Invocations
 + Level 3.6 Evocations


You had 8 spell levels left.
You didn't know any spells.

Dungeon Overview and Level Annotations

Branches:
Dungeon (7/16)             Temple (1/1) D:4

Altars:
Ashenzari
Cheibriados
Dithmenos
Elyvilon
Kikubaaqudgha
Makhleb
Nemelex Xobeh
Sif Muna
Trog
Vehumet
Xom
Yredelemnul
The Shining One


Innate Abilities, Weirdness & Mutations

You recuperate from illness quickly.
You are small and have problems with some larger weapons.
You are carnivorous and can eat meat at any time.
You can eat rotten meat.
You have large cloven feet.
You are resistant to hostile enchantments.


Message History

Press: ? - help, Shift-Dir - straight line, f - orc
Aim: an orc, wielding an orcish short sword and wearing an orcish chain mail (heavily wounded)
You shoot a bolt. The bolt hits the orc.
The orc is heavily wounded.
The orc warrior hits you with an orcish dire flail!
The orc barely misses you.
Firing (i - inventory. (,) - cycle):
c - 5 bolts (quivered)
Press: ? - help, Shift-Dir - straight line, f/p - orc
Aim: an orc, wielding an orcish short sword and wearing an orcish chain mail (heavily wounded)
You shoot a bolt. The bolt hits the orc.
The orc is almost dead.
The orc warrior hits you with an orcish dire flail.
* * * LOW HITPOINT WARNING * * *
The orc hits you but does no damage.
Firing (i - inventory. (,) - cycle):
c - 4 bolts (quivered)
Press: ? - help, Shift-Dir - straight line, f/p - orc
Aim: an orc, wielding an orcish short sword and wearing an orcish chain mail (almost dead)
You shoot a bolt. The bolt misses the orc.
The orc warrior hits you with an orcish dire flail!
You die...

######## #...(..#
######## #......#
.......######......#
######......+......#
########......#
#...oo.# #...@..#
#####+## ####...#
#....###
####%#######
#..%.......#
#..........#
#..........#
#..........#


You could see an orc warrior and an orc.

Vanquished Creatures
  The ghost of Gorice the Cutter, an experienced KoWn (D:3)
  2 ice beasts (D:6)
  2 sky beasts (D:6)
  Sigmund (D:6)
  Blork the orc (D:4)
  8 killer bees (D:6)
  Duvessa (D:6)
  A giant frog zombie (D:6)
  A crimson imp (D:6)
  Dowan (D:6)
  A black bear zombie (D:6)
  A giant frog skeleton (D:6)
  5 worker ants
  2 gnoll sergeants (D:6)
  2 scorpions
  An iguana (D:4)
  11 gnolls
  8 adders
  An inept feature mimic (D:6)
  2 worms
  A giant mite (D:3)
  A giant eyeball (D:4)
  A giant gecko (D:4)
  2 oozes
  4 orcs
  5 bats
  3 giant cockroaches
  3 hobgoblins
  9 kobolds
  A quokka (D:4)
  A ball python (D:2)
  4 giant newts (D:3)
  A gnoll skeleton (D:4)
  4 goblins
  A kobold skeleton (D:4)
  2 rats (D:6)
  A rat zombie (D:6)
97 creatures vanquished.

Notes
Turn   | Place    | Note
--------------------------------------------------------------
     0 | D:1      | 4tharraofdagon, the Kobold Hunter, began the quest for the Orb.
     0 | D:1      | Reached XP level 1. HP: 12/12 MP: 1/1
    53 | D:2      | Reached skill level 5 in Crossbows
    89 | D:2      | Reached XP level 2. HP: 16/16 MP: 2/2
   139 | D:3      | Noticed Gorice's ghost (experienced KoWn)
   150 | D:3      | Killed Gorice's ghost
   150 | D:3      | Reached skill level 8 in Crossbows
   150 | D:3      | Reached XP level 3. HP: 16/20 MP: 3/3
   150 | D:3      | Reached XP level 4. HP: 20/25 MP: 4/4
   150 | D:3      | Reached XP level 5. HP: 23/29 MP: 5/5
   150 | D:3      | Reached XP level 6. HP: 26/34 MP: 6/6
   483 | D:3      | Reached skill level 9 in Crossbows
   648 | D:4      | Found a staircase to the Ecumenical Temple.
   653 | Temple   | Entered the Ecumenical Temple
   698 | Temple   | Became a worshipper of Cheibriados the Contemplative
   789 | D:4      | Reached XP level 7. HP: 38/38 MP: 7/7
   798 | D:4      | Noticed Blork the orc
   809 | D:4      | Killed Blork the orc
   895 | D:4      | Reached skill level 10 in Crossbows
   945 | D:4      | Paralysed by a giant eyeball for 3 turns
  1121 | D:4      | Gained mutation: You can translocate small distances at will. [potion of mutation]
  1121 | D:4      | Gained mutation: You have large cloven feet. [potion of mutation]
  1121 | D:4      | Gained mutation: Your body is slowly deteriorating. [potion of mutation]
  1122 | D:4      | Gained mutation: Your muscles are strong. (Str +2) [potion of mutation]
  1122 | D:4      | Gained mutation: Your magical capacity is low (-10% MP). [potion of mutation]
  1122 | D:4      | Gained mutation: You are resistant to hostile enchantments. [potion of mutation]
  1141 | D:5      | Entered Level 5 of the Dungeon
  1307 | D:6      | Noticed Duvessa
  1307 | D:6      | Noticed Dowan
  1320 | D:6      | Killed Duvessa
  1320 | D:6      | Reached XP level 8. HP: 24/44 MP: 7/7
  1321 | D:6      | Killed Dowan
  1403 | D:6      | Reached skill level 1 in Armour
  1403 | D:6      | Reached skill level 1 in Invocations
  1443 | D:6      | Reached skill level 1 in Evocations
  1526 | D:6      | Noticed Sigmund
  1530 | D:6      | Killed Sigmund
  1690 | D:6      | Reached skill level 11 in Crossbows
  1749 | D:6      | Reached XP level 9. HP: 44/51 MP: 11/11
  1932 | D:6      | Paralysed by a potion of paralysis for 5 turns
  1964 | D:6      | Lost mutation: Your magical capacity is low (-10% MP). [potion of cure mutation]
  1964 | D:6      | Lost mutation: Your body is slowly deteriorating. [potion of cure mutation]
  1964 | D:6      | Lost mutation: Your muscles are strong. (Str +2) [potion of cure mutation]
  1964 | D:6      | Lost mutation: You can translocate small distances at will. [potion of cure mutation]
  2017 | D:6      | Acquired Cheibriados' first power
  2168 | D:6      | HP: 2/51 [orc warrior/orcish dire flail (9)]
  2172 | D:6      | Mangled by an orc warrior

Action                   |  1- 3 |  4- 6 |  7- 9 || total
-------------------------+-------+-------+-------++-------
Melee: Long sword        |       |    30 |    93 ||   123
 Fire: Crossbow          |    21 |    42 |   115 ||   178
Evoke: Wand              |       |     2 |    11 ||    13
  Use: Scroll            |       |     2 |     2 ||     4
       Potion            |       |       |    13 ||    13
